 Dungeon Crawl Stone Soup version 0.26-a0-651-gb41185065b (webtiles) character file.

Game seed: 1647789765689932862

13879 Flugslaktarn the Cleaver (level 11, -1/108 HPs)
             Began as a Deep Dwarf Fighter on Oct 6, 2020.
             Was an Elder of Makhleb.
             Killed from afar by an ogre mage (27 damage)
             ... with a bolt of fire
             ... on level 12 of the Dungeon.
             The game lasted 00:04:35 (6729 turns).

Flugslaktarn the Cleaver (Deep Dwarf Fighter)       Turns: 6729, Time: 00:04:36

Health: -1/108     AC: 19    Str: 23    XL:     11   Next: 81%
Magic:  6/6        EV:  5    Int:  9    God:    Makhleb [****..]
Gold:   600        SH: 11    Dex: 12    Spells: 10/10 levels left

rFire    . . .     SeeInvis .   C - +0 broad axe
rCold    . . .     Faith    .   m - +0 kite shield
rNeg     . . .     Spirit   .   z - +0 plate armour
rPois    .         Reflect  .   (no helmet)
rElec    .         Harm     .   p - +2 cloak {Stlth+}
rCorr    .         Rampage  .   b - +1 pair of gloves
MR       +....                  (no boots)
Stlth    ..........             (no amulet)
HPRegen  0.00/turn              (no ring)
MPRegen  0.10/turn              (no ring)

@: non-regenerating
A: damage resistance, heal wounds, sense surroundings 2, no regeneration
a: Heal Wounds, Minor Destruction, Lesser Servant of Makhleb, Major Destruction,
Renounce Religion


You were on level 12 of the Dungeon.
You worshipped Makhleb.
Makhleb was greatly pleased with you.
You visited 2 branches of the dungeon, and saw 13 of its levels.

You collected 600 gold pieces.

Inventory:

Hand Weapons
 C - a +0 broad axe (weapon)
   (You took it off an orc warrior on level 9 of the Dungeon)
Missiles
 g - 3 throwing nets (quivered)
Armour
 b - a +1 pair of gloves (worn)
   (You found it on level 11 of the Dungeon)
 m - a +0 kite shield (worn)
 p - a +2 cloak of stealth (worn)
   (You took it off Crazy Yiuf on level 7 of the Dungeon)
 z - a +0 plate armour (worn)
   (You took it off an orc warrior on level 8 of the Dungeon)
 E - a scarf of resistance
   (You found it on level 4 of the Dungeon)
Wands
 j - a wand of acid (11)
   (You found it on level 7 of the Dungeon)
 y - a wand of paralysis (21)
   (You found it on level 7 of the Dungeon)
 D - a wand of enslavement (11)
   (You found it on level 10 of the Dungeon)
Scrolls
 c - a scroll of enchant weapon
 l - 2 scrolls of magic mapping
 t - 3 scrolls of teleportation
 v - a scroll of fear
 x - 3 scrolls of remove curse
 A - a scroll of fog
Potions
 a - a potion of flight
 f - a potion of magic
 h - a potion of haste
 k - 3 potions of cancellation
 n - a potion of resistance
 q - 2 potions of curing
 s - 4 potions of mutation
 u - 3 potions of berserk rage
 w - 2 potions of heal wounds
Miscellaneous
 F - a condenser vane (inert)
   (You found it on level 9 of the Dungeon)


   Skills:
 * Level 9.7 Fighting
 * Level 11.1 Axes
 + Level 8.4 Armour
 + Level 8.6 Shields
 + Level 9.0 Invocations
 + Level 5.8 Evocations


You had 10 spell levels left.
You didn't know any spells.
Your spell library was empty.

Dungeon Overview and Level Annotations

Branches:
Dungeon (12/15)            Temple (1/1) D:4            Lair (0/6) D:10
    Orc (0/2) D:9

Altars:
Dithmenos
Elyvilon
Fedhas
Hepliaklqana
Kikubaaqudgha
Makhleb
Nemelex Xobeh
Qazlal
Ru
Sif Muna
Uskayaw
Vehumet
Wu Jian
Xom
Yredelemnul
Zin
The Shining One

Portals:
Trove: D:11 (give +5 demon trident)


Innate Abilities, Weirdness & Mutations

You are resistant to damage.
You can heal yourself by infusing magical energy.
You passively map the area around you.
You do not regenerate.


Message History

The crystal spear hits you!!!
* * * LOW HITPOINT WARNING * * *
You block the orc's attack. You block the ogre mage's attack.
Things that are here:
a +0 club; a +0 ring mail; an orc corpse You are too injured to fight recklessly!
You fail to use your ability.
The two-headed ogre hits you with a +0 giant spiked club!
* * * LOW HITPOINT WARNING * * *
You block the two-headed ogre's attack. You block the orc's attack.
The ogre mage hits you but does no damage.
You feel much better. You block the ogre mage's attack.
You block the two-headed ogre's attack.
The two-headed ogre hits you with a +0 giant spiked club!
* * * LOW HITPOINT WARNING * * *
Okay, then.
The ogre mage gestures at you while chanting.
The bolt of fire hits you!!
You die...

........#.# . , **
#####.#.#.### ##., , ,,
#.###.... ,,H.. ,,,
##.#.#.## * #H# , , ,
##.....# * #O# * , *
#....<# ,#O# , *
######.#...###.#O####.#.#
* **
...............#O)Oo.....,
######.#########@.####.##
* * * #.......# #..# ,
#.......# #..# * * *
#.......######..# *
#............†..# *
#.......######.## * * *
#.......# #.# , ,
#.......# #.# * *
######### #.# ,


You could see 3 two-headed ogres, an ogre mage, a manticore, a hippogriff, an
ogre and an orc.

Vanquished Creatures
  Harold (D:7)
  2 two-headed ogres
  An ugly thing (D:11)
  Maggie (D:7)
  2 trolls
  15 yaks
  A wyvern (D:9)
  2 wraiths
  Menkaure (D:6)
  Duvessa (D:6)
  A water moccasin (D:5)
  8 orc warriors
  A hornet zombie (D:9)
  5 ice beasts
  2 necrophages
  An eye of draining (D:11)
  3 phantoms
  A sky beast (D:9)
  3 ogres
  5 centaurs
  2 big kobolds
  A gnoll sergeant (D:9)
  8 bullfrogs
  A water moccasin zombie (D:6)
  Dowan (D:6)
  5 scorpions
  10 killer bees
  7 wights
  A centaur zombie (D:5)
  A jelly (D:10)
  A bullfrog zombie (D:9)
  2 quasits
  8 hounds
  10 orc priests
  Crazy Yiuf (D:7)
  Jessica (D:2)
  4 iguanas
  6 worker ants
  9 orc wizards
  3 hound skeletons
  A howler monkey skeleton (D:6)
  6 adders
  3 gnolls (D:9)
  A shadow imp (D:6)
  2 white imps
  2 ufetubi (D:9)
  A worm (D:5)
  A dart slug (D:4)
  A leopard gecko (D:5)
  45 orcs
  A ball python (D:4)
  A giant cockroach (D:4)
  A goblin (D:2)
  A hobgoblin (D:1)
  3 quokkas
  3 bats
  11 kobolds
  A rat (D:1)
224 creatures vanquished.

Vanquished Creatures (collateral kills)
  Josephine (D:11)
  2 hydras (D:11)
  An ugly thing (D:11)
  A centaur zombie (D:11)
  3 wraiths (D:11)
  A wyvern (D:11)
  An acid dragon (D:11)
  2 wolves (D:10)
  A phantom (D:10)
  A bullfrog (D:11)
  A scorpion (D:11)
  An electric eel (D:10)
  A hound (D:10)
  3 orc wizards
  An orc priest (D:10)
  A howler monkey zombie (D:11)
  A worker ant zombie (D:11)
  7 orcs
  A quokka (D:11)
31 creatures vanquished.

Vanquished Creatures (others)
  An adder (D:10)
1 creature vanquished.

Grand Total: 256 creatures vanquished

Notes
Turn   | Place    | Note
-------+----------+-------------------------------------------
     0 | D:1      | Flugslaktarn the Deep Dwarf Fighter began the quest for the
                  | Orb.
     0 | D:1      | Reached XP level 1. HP: 20/20 MP: 1/1
   187 | D:2      | Noticed Jessica
   188 | D:2      | Reached XP level 2. HP: 22/27 MP: 2/2
   196 | D:2      | Killed Jessica
   196 | D:2      | Reached XP level 3. HP: 27/34 MP: 3/3
   363 | D:4      | Found a staircase to the Ecumenical Temple.
   367 | D:4      | Reached skill level 3 in Axes
   394 | D:4      | Reached XP level 4. HP: 31/42 MP: 4/4
   401 | Temple   | Entered the Ecumenical Temple
   626 | Temple   | Became a worshipper of Makhleb the Destroyer
   849 | D:4      | Noticed a phantom
   856 | D:4      | Reached XP level 5. HP: 26/50 MP: 5/5
   895 | D:4      | Killed a phantom
   895 | D:4      | Reached skill level 4 in Axes
   895 | D:4      | Reached skill level 1 in Invocations
   980 | D:4      | Noticed an ogre
   986 | D:4      | Killed an ogre
   986 | D:4      | Reached XP level 6. HP: 21/57 MP: 6/6
  1405 | D:5      | Entered Level 5 of the Dungeon
  1425 | D:5      | Noticed a water moccasin
  1444 | D:5      | Killed a water moccasin
  1485 | D:5      | Reached skill level 5 in Axes
  1485 | D:5      | Reached XP level 7. HP: 41/66 MP: 5/7
  1630 | D:5      | Found a hazy altar of Hepliaklqana.
  1632 | D:5      | Found a hide-covered altar of Uskayaw.
  1648 | D:5      | Found a white marble altar of Elyvilon.
  1900 | D:5      | Found a glowing silver altar of Zin.
  1901 | D:5      | Noticed an angel
  2276 | D:6      | Noticed Duvessa
  2276 | D:6      | Noticed Dowan
  2306 | D:6      | Killed Duvessa
  2306 | D:6      | Reached skill level 5 in Fighting
  2307 | D:6      | Killed Dowan
  2341 | D:6      | Reached skill level 5 in Shields
  2404 | D:6      | Reached skill level 5 in Armour
  2406 | D:6      | Found a white marble altar of Elyvilon.
  2512 | D:6      | Found a basalt altar of Yredelemnul.
  2516 | D:6      | Reached * piety under Makhleb
  2550 | D:6      | Reached XP level 8. HP: 46/74 MP: 8/8
  2561 | D:6      | Reached skill level 6 in Axes
  2566 | D:6      | Noticed Menkaure
  2582 | D:6      | Killed Menkaure
  3206 | D:7      | Noticed Maggie
  3210 | D:7      | Reached skill level 7 in Axes
  3242 | D:7      | Killed Maggie
  3242 | D:7      | Reached skill level 5 in Invocations
  3242 | D:7      | Gained mutation: You passively map the area around you.
                  | [Deep Dwarf growth]
  3242 | D:7      | Reached XP level 9. HP: 45/84 MP: 8/8
  3319 | D:7      | Noticed Harold
  3349 | D:7      | Killed Harold
  3349 | D:7      | Reached skill level 8 in Axes
  3618 | D:7      | Found a runed translucent door.
  3619 | D:7      | Noticed Crazy Yiuf
  3631 | D:7      | Killed Crazy Yiuf
  4322 | D:9      | Reached ** piety under Makhleb
  4362 | D:9      | Found a shimmering blue altar of Sif Muna.
  4417 | D:9      | Reached skill level 1 in Evocations
  4419 | D:9      | Reached XP level 10. HP: 51/94 MP: 8/8
  4458 | D:9      | Reached skill level 9 in Axes
  4642 | D:9      | Reached *** piety under Makhleb
  4896 | D:9      | Found a shimmering blue altar of Sif Muna.
  4914 | D:9      | Reached skill level 10 in Axes
  4942 | D:9      | Found a staircase to the Orcish Mines.
  5159 | D:10     | Entered Level 10 of the Dungeon
  5349 | D:10     | Found a staircase to the Lair.
  5351 | D:10     | Reached XP level 11. HP: 79/104 MP: 7/7
  5820 | D:10     | Reached **** piety under Makhleb
  5990 | D:11     | Noticed a purple ugly thing
  6022 | D:11     | Killed a purple ugly thing
  6072 | D:11     | Noticed an eight-headed hydra
  6086 | D:11     | HP: 4/106 [12-headed hydra (6)]
  6090 | D:11     | Noticed a brown ugly thing
  6096 | D:11     | Killed a 12-headed hydra
  6104 | D:11     | Killed a brown ugly thing
  6196 | D:11     | Noticed Josephine
  6200 | D:11     | HP: 5/106 [Josephine/ghostly fireball (25)]
  6201 | D:11     | HP: 1/106 [Josephine/cursed +0 dagger (4)]
  6202 | D:11     | Killed Josephine
  6207 | D:11     | Noticed a four-headed hydra
  6207 | D:11     | Reached skill level 5 in Evocations
  6217 | D:11     | Killed a four-headed hydra
  6329 | D:11     | Found a portal to a secret trove of treasure.
  6330 | D:11     | Noticed a two-headed ogre
  6338 | D:11     | Killed a two-headed ogre
  6373 | D:11     | Reached skill level 11 in Axes
  6710 | D:12     | Noticed an ogre mage
  6711 | D:12     | Noticed a two-headed ogre
  6711 | D:12     | Noticed a two-headed ogre
  6711 | D:12     | Noticed a two-headed ogre
  6717 | D:12     | Killed a two-headed ogre
  6725 | D:12     | Noticed a two-headed ogre
  6727 | D:12     | HP: 2/108 [two-headed ogre/+0 giant spiked club (12)]
  6729 | D:12     | Killed from afar by an ogre mage

Illustrated notes

Levels and vault maps discovered:
D:1:      mrwooster_arrival_arrow, layout_basic, st_stairs_7, minmay_hexomino_p4
D:2:      layout_loops_ring, okawaru_metal_pillars_1_2,
          gammafunk_temple_overflow_arena, minmay_misc_feat_square,
          elyvilon_altar_5, uniq_jessica
D:3:      layout_loops_ring, lemuel_doored_altar, cheibriados_altar_1,
          portal_sewer_entry_f, minivault_5
D:4:      layout_loops_corners, minmay_temple_entry_tees
D:5:      layout_basic, chequers_temple_overflow_statue_of_worship, zin_angel
D:6:      layout_basic, old_standard_altar, basic_altar,
          kennysheep_generic_room_3, uniq_menkaure, uniq_duvessa
D:7:      layout_rooms, uniq_crazy_yiuf_cottage, uniq_maggie, uniq_harold
D:8:      layout_loops_ring, minmay_misc_feat_room
D:9:      layout_roguey [special_room_orc], lemuel_blue_sif_altar, david_orc_4,
          basic_altar, chequers_serial_rivers_micro_c
D:10:     layout_basic, erik_lair_island, roderic_st_hans_cross
D:11:     layout_cave_pools, enter_trove_0, uniq_josephine
D:12:     layout_loops_ring, basic_altar
Temple:   minmay_temple_curvy_loop

Skill      XL: |  1  2  3  4  5  6  7  8  9 10 11 |
---------------+----------------------------------+-----
Fighting       | 3 4 5 6 7 8 9 |  9.7
Axes           | 3 4 5 7 8 10 11 | 11.1
Armour         | 4 5 6 7 8 |  8.4
Shields        | 4 5 6 7 8 |  8.6
Invocations    | 1 2 3 5 6 7 9 |  9.0
Evocations     | 1 4 5 |  5.8

Action                   |  1- 3 |  4- 6 |  7- 9 | 10-12 || total
-------------------------+-------+-------+-------+-------++-------
Melee: War axe           |    47 |    96 |   375 |    49 ||   567
       Broad axe         |       |       |       |   365 ||   365
Invok: Lesser Servant of |       |       |       |     5 ||     5
 Abil: Heal Wounds       |     1 |     5 |    15 |    22 ||    43
Evoke: Condenser vane    |       |       |     1 |     2 ||     3
  Use: Potion            |     2 |       |     1 |     2 ||     5
       Scroll            |       |       |    16 |    11 ||    27
 Stab: Confused          |       |       |     1 |     4 ||     5
       Distracted        |       |       |       |     2 ||     2
Armor: Scale mail        |    22 |    34 |    73 |       ||   129
       Plate armour      |       |       |    57 |   394 ||   451
Dodge: Dodged            |    16 |    29 |   101 |   143 ||   289
Block: Kite shield       |    29 |    55 |   209 |   346 ||   639

Table legend: (Time is in decaauts)
 A = Elapsed time spent in this place.
 B = Non-inter-level travel time spent in this place.
 C = Inter-level travel time spent in this place.
 D = Time resting spent in this place.
 E = Time spent auto-exploring this place.
 F = Levels seen in this place.
 G = Mean time per level.
                   A        B        C        D        E       F      G
               +--------+--------+--------+--------+--------+-----+--------+
         Total |   6980 |   6666 |    314 |      4 |   4770 |  13 |  536.9 |
       Dungeon |   6731 |   6479 |    252 |      4 |   4586 |  12 |  560.9 |
        Temple |    248 |    186 |     62 |      0 |    184 |   1 |  248.0 |
               +--------+--------+--------+--------+--------+-----+--------+

Top non-repeatable levels by time:
     D:9: 932 daAuts
     D:5: 883 daAuts
    D:10: 863 daAuts
     D:4: 863 daAuts
     D:6: 793 daAuts
    D:11: 726 daAuts
     D:7: 683 daAuts
     D:8: 595 daAuts
  Temple: 248 daAuts
     D:1: 187 daAuts
     D:2: 86 daAuts
     D:3: 63 daAuts
    D:12: 54 daAuts
